TOP OF THE 1ST |
Miami Marlins batting - Pitching for Arizona Diamondbacks : RHP Nate Machado
|
Pitching: RHP Nate Machado
|
|
Batting: LHB Jose Bregaro
|
0-0: Ball 1-0: Ball 2-0: Called Strike 2-1: Fly out, F8 (Flyball, 8LD, EV 85.6 MPH)
|
Batting: RHB Bert Clark
|
0-0: Ball 1-0: Called Strike 1-1: Called Strike 1-2: Ball 2-2: TRIPLE (Flyball, 8RXD, EV 112.5 MPH)
|
Batting: LHB Adam Durgin
|
0-0: Called Strike 0-1: Called Strike 0-2: Ball 1-2: SINGLE (Line Drive, 8RS, EV 95.6 MPH) Bert Clark scores
|
Batting: RHB Jimmy Groseclose
|
0-0: 2-RUN HOME RUN (Flyball, 78XD, EV 108.1 MPH), Distance : 417 ft
|
Batting: RHB Tony Stedman
|
0-0: Ball 1-0: SINGLE (Groundball, 4M, EV 110.6 MPH) (infield hit)
|
Batting: RHB Mike Gar
|
0-0: Called Strike 0-1: Ball 1-1: Called Strike 1-2: SINGLE (Line Drive, 34, EV 95.6 MPH) Tony Stedman to second Runner from 2nd tries for 3rd, SAFE, no throw by RF
|
Batting: RHB Alberto Cotto
|
0-0: Ball 1-0: Fly out, F9 (Flyball, 89M, EV 86.2 MPH)
|
Batting: RHB Willie Chavez
|
0-0: Called Strike 0-1: Ball 1-1: Ball 2-1: Foul Ball, location: 2F 2-2: SINGLE (Groundball, 6D, EV 106.2 MPH) Tony Stedman scores Mike Gar to second Runner from 2nd tries for 3rd, SAFE, throw by CF made to third
|
Batting: RHB Zhi-bin Ou-yang
|
0-0: Ball 1-0: Ball 2-0: Called Strike 2-1: Swinging Strike 2-2: Strikes out swinging
|
Top of the 1st over - 4 runs, 6 hits, 0 errors, 2 left on base; Miami 4 - Arizona 0 |
BOTTOM OF THE 1ST |
Arizona Diamondbacks batting - Pitching for Miami Marlins : RHP Chris Funderburg
|
Pitching: RHP Chris Funderburg
|
|
Batting: RHB Katilimomi Kelekolio
|
0-0: Called Strike 0-1: Ball 1-1: Ball 2-1: Ball 3-1: Foul Ball, location: 2F 3-2: Ground out 4-3 (Groundball, 4, EV 103.8 MPH)
|
Batting: LHB Roy Steigerwald
|
0-0: Ball 1-0: Called Strike 1-1: Ball 2-1: Ball 3-1: Base on Balls
|
Batting: LHB Jason Peck
|
0-0: Ball Roy Steigerwald is caught stealing 2nd base 2-6 1-0: Ground out 6-3 (Groundball, P, EV 90.6 MPH)
|
Bottom of the 1st over - 0 runs, 0 hits, 0 errors, 0 left on base; Miami 4 - Arizona 0 |
TOP OF THE 2ND |
Miami Marlins batting - Pitching for Arizona Diamondbacks : RHP Nate Machado
|
Batting: LHB Jose Bregaro
|
0-0: Ball 1-0: Ball 2-0: SINGLE (Groundball, 25, EV 73.1 MPH) (infield hit)
|
Batting: RHB Bert Clark
|
0-0: Called Strike 0-1: Ball 1-1: Foul Ball, location: 2F 1-2: Ball 2-2: Strikes out swinging
|
Batting: LHB Adam Durgin
|
0-0: Called Strike 0-1: Foul Ball, location: 2F 0-2: Ball 1-2: Foul Ball, location: 2F 1-2: Ball 2-2: Foul Ball, location: 2F 2-2: Strikes out swinging
|
Batting: RHB Jimmy Groseclose
|
0-0: Ball 1-0: Called Strike 1-1: Ball 2-1: Ball 3-1: Foul Ball, location: 2F 3-2: Strikes out swinging
|
Top of the 2nd over - 0 runs, 1 hit, 0 errors, 1 left on base; Miami 4 - Arizona 0 |
BOTTOM OF THE 2ND |
Arizona Diamondbacks batting - Pitching for Miami Marlins : RHP Chris Funderburg
|
Batting: LHB Joel Kunkler
|
0-0: Ball 1-0: Ball 2-0: Swinging Strike 2-1: Ball 3-1: Base on Balls
|
Batting: RHB Jim Zucco
|
0-0: Ball 1-0: Ball 2-0: Called Strike 2-1: Ball 3-1: Base on Balls Joel Kunkler to second
|
Batting: LHB Mike Mentzer
|
0-0: Ball 1-0: Swinging Strike 1-1: Ball 2-1: Foul Ball, location: 2F 2-2: Ball 3-2: Foul Ball, location: 2F 3-2: Foul Ball, location: 2F 3-2: Strikes out swinging
|
Batting: LHB Bobby Arevalo
|
0-0: Hit by Pitch Joel Kunkler to third Jim Zucco to second
|
Batting: SHB Warren Eisner
|
0-0: Ball 1-0: Ball 2-0: Fly out, F9 (Flyball, 9S, EV 80.0 MPH)
|
Batting: RHB Marlon Reda
|
0-0: SINGLE (Flyball, 34D, EV 85.0 MPH) Joel Kunkler scores Jim Zucco to third Bobby Arevalo to second Runner from 3rd tries for Home, SAFE, throw by RF to home
|
Batting: RHB Katilimomi Kelekolio
|
0-0: Ball 1-0: SINGLE (Groundball, 56S, EV 71.9 MPH) (infield hit) Bobby Arevalo to third Marlon Reda to second
|
Batting: LHB Roy Steigerwald
|
0-0: Ball 1-0: SINGLE (Flyball, 5D, EV 91.2 MPH) Bobby Arevalo scores Marlon Reda to third Katilimomi Kelekolio to second Runner from 3rd tries for Home, SAFE, throw by LF to home
|
Batting: LHB Jason Peck
|
0-0: Foul Ball, location: 2F 0-1: Ball 1-1: Ball 2-1: Foul Ball, location: 2F 2-2: Strikes out swinging
|
Bottom of the 2nd over - 4 runs, 3 hits, 0 errors, 2 left on base; Miami 4 - Arizona 4 |
TOP OF THE 3RD |
Miami Marlins batting - Pitching for Arizona Diamondbacks : RHP Nate Machado
|
Batting: RHB Tony Stedman
|
0-0: Ball 1-0: Ball 2-0: Called Strike 2-1: Ball 3-1: Fly out, F7 (Flyball, 7, EV 83.1 MPH)
|
Batting: RHB Mike Gar
|
0-0: Ball 1-0: Ball 2-0: Foul Ball, location: 2F 2-1: Foul Ball, location: 2F 2-2: Ball 3-2: Foul Ball, location: 2F 3-2: Foul Ball, location: 2F 3-2: Base on Balls
|
Batting: RHB Alberto Cotto
|
0-0: Ball 1-0: Ball 2-0: Fly out, F9 (Line Drive, 9S, EV 91.9 MPH)
|
Batting: RHB Willie Chavez
|
0-0: Fly out, F9 (Flyball, 9LS, EV 75.0 MPH)
|
Top of the 3rd over - 0 runs, 0 hits, 0 errors, 1 left on base; Miami 4 - Arizona 4 |
BOTTOM OF THE 3RD |
Arizona Diamondbacks batting - Pitching for Miami Marlins : RHP Chris Funderburg
|
Batting: LHB Joel Kunkler
|
0-0: Ball 1-0: Fly out, F9 (Line Drive, 9S, EV 85.0 MPH)
|
Batting: RHB Jim Zucco
|
0-0: Ground out U3 (Groundball, 3S, EV 83.8 MPH)
|
Batting: LHB Mike Mentzer
|
0-0: Called Strike 0-1: Foul Ball, location: 2F 0-2: Ball 1-2: Ball 2-2: Ball 3-2: Base on Balls
|
Batting: LHB Bobby Arevalo
|
0-0: Ball 1-0: Ball 2-0: Ground out 4-3 (Groundball, 34D, EV 102.5 MPH)
|
Bottom of the 3rd over - 0 runs, 0 hits, 0 errors, 1 left on base; Miami 4 - Arizona 4 |
TOP OF THE 4TH |
Miami Marlins batting - Pitching for Arizona Diamondbacks : RHP Nate Machado
|
Batting: RHB Zhi-bin Ou-yang
|
0-0: Ball 1-0: Fly out, F5 (Popup, 25F, EV 86.9 MPH)
|
Batting: LHB Jose Bregaro
|
0-0: Ball 1-0: SINGLE (Groundball, 3D, EV 112.5 MPH)
|
Batting: RHB Bert Clark
|
0-0: Ball 1-0: Fly out, F7 (Flyball, 78S, EV 88.8 MPH)
|
Batting: LHB Adam Durgin
|
0-0: Ball 1-0: DOUBLE (Flyball, 8RXD, EV 95.0 MPH) Jose Bregaro to third Runner from 3rd tries for Home, SAFE, throw by CF to trailing runner, SAFE at third!
|
Pitching: RHP David Mendoza
|
|
Batting: RHB Jimmy Groseclose
|
0-0: Fly out, F8 (Flyball, 8RXD, EV 106.9 MPH)
|
Top of the 4th over - 1 run, 2 hits, 0 errors, 1 left on base; Miami 5 - Arizona 4 |
BOTTOM OF THE 4TH |
Arizona Diamondbacks batting - Pitching for Miami Marlins : RHP Chris Funderburg
|
Batting: SHB Warren Eisner
|
0-0: Ground out 4-3 (Groundball, 4, EV 90.6 MPH)
|
Batting: RHB Marlon Reda
|
0-0: Foul Ball, location: 2F 0-1: Swinging Strike 0-2: Strikes out swinging
|
Batting: RHB Katilimomi Kelekolio
|
0-0: Ball 1-0: Called Strike 1-1: Ground out U3 (Groundball, 34S, EV 81.9 MPH)
|
Bottom of the 4th over - 0 runs, 0 hits, 0 errors, 0 left on base; Miami 5 - Arizona 4 |
TOP OF THE 5TH |
Miami Marlins batting - Pitching for Arizona Diamondbacks : RHP David Mendoza
|
Batting: RHB Tony Stedman
|
0-0: Ground out U3 (Groundball, 34, EV 105.6 MPH)
|
Batting: RHB Mike Gar
|
0-0: Called Strike 0-1: Ball 1-1: TRIPLE (Line Drive, 78XD, EV 106.2 MPH)
|
Batting: RHB Alberto Cotto
|
0-0: Ball 1-0: Foul Ball, location: 2F 1-1: Ball 2-1: Ball 3-1: Foul Ball, location: 2F 3-2: Foul Ball, location: 2F 3-2: Foul Ball, location: 2F 3-2: Foul Ball, location: 2F 3-2: Fly out, F8 (Flyball, 89S, EV 89.4 MPH)
|
Batting: RHB Willie Chavez
|
0-0: Ball 1-0: Foul Ball, location: 2F 1-1: Foul Ball, location: 2F 1-2: Foul Ball, location: 2F 1-2: Foul Ball, location: 2F 1-2: Foul Ball, location: 2F 1-2: Ball 2-2: Fly out, F2 (Popup, 3SF, EV 78.8 MPH)
|
Top of the 5th over - 0 runs, 1 hit, 0 errors, 1 left on base; Miami 5 - Arizona 4 |
BOTTOM OF THE 5TH |
Arizona Diamondbacks batting - Pitching for Miami Marlins : RHP Chris Funderburg
|
Batting: LHB Roy Steigerwald
|
0-0: Ground out 4-3 (Groundball, 4, EV 100.0 MPH)
|
Batting: LHB Jason Peck
|
0-0: Called Strike 0-1: Ball 1-1: Called Strike 1-2: Ball 2-2: Ball 3-2: Base on Balls
|
Batting: LHB Joel Kunkler
|
0-0: Called Strike 0-1: Swinging Strike 0-2: Ball 1-2: Ball 2-2: Foul Ball, location: 2F 2-2: Ball 3-2: Strikes out swinging Jason Peck steals 2nd, throwing error, E2 Jason Peck to third
|
Batting: RHB Jim Zucco
|
0-0: Ball 1-0: Ball 2-0: Ball 3-0: Base on Balls
|
Batting: LHB Mike Mentzer
|
0-0: Ball 1-0: Swinging Strike 1-1: Ball 2-1: Swinging Strike 2-2: Foul Ball, location: 2F 2-2: Strikes out swinging
|
Bottom of the 5th over - 0 runs, 0 hits, 1 error, 2 left on base; Miami 5 - Arizona 4 |
TOP OF THE 6TH |
Miami Marlins batting - Pitching for Arizona Diamondbacks : RHP David Mendoza
|
Pinch Hitting: SHB Ramon Martinez
|
0-0: Ball 1-0: Foul Ball, location: 2F 1-1: Ball 2-1: Foul Ball, location: 2F 2-2: Foul Ball, location: 2F 2-2: Strikes out looking
|
Batting: LHB Jose Bregaro
|
0-0: Foul Ball, location: 2F 0-1: Called Strike 0-2: Strikes out looking
|
Batting: RHB Bert Clark
|
0-0: Called Strike 0-1: SINGLE (Groundball, 4D, EV 95.0 MPH)
|
Batting: LHB Adam Durgin
|
0-0: Foul Ball, location: 2F 0-1: Ball 1-1: Ball 2-1: Swinging Strike Pickoff Throw to First - Out! 1-3
|
Top of the 6th over - 0 runs, 1 hit, 0 errors, 0 left on base; Miami 5 - Arizona 4 |
BOTTOM OF THE 6TH |
Arizona Diamondbacks batting - Pitching for Miami Marlins : RHP Chris Funderburg
|
Now at 2B: Ramon Martinez
|
|
Batting: LHB Bobby Arevalo
|
0-0: Hit by Pitch
|
Batting: SHB Warren Eisner
|
0-0: Called Strike 0-1: Foul Ball, location: 2F 0-2: Ball 1-2: Ball 2-2: Ball 3-2: Foul Ball, location: 2F 3-2: Strikes out looking Bobby Arevalo steals 2nd base Batter strikes out.
|
Batting: RHB Marlon Reda
|
0-0: Called Strike 0-1: Ball 1-1: Swinging Strike 1-2: Strikes out swinging
|
Batting: RHB Katilimomi Kelekolio
|
0-0: Ball 1-0: 2-RUN HOME RUN (Line Drive, 9D, EV 97.5 MPH), Distance : 387 ft
|
Pitching: RHP Tim Poist
|
|
Batting: LHB Roy Steigerwald
|
0-0: Ball 1-0: Foul Ball, location: 2F 1-1: Swinging Strike 1-2: DOUBLE (Line Drive, 7LD, EV 110.0 MPH)
|
Batting: LHB Jason Peck
|
0-0: Called Strike 0-1: Foul Ball, location: 2F 0-2: Ball 1-2: Ball 2-2: Ball 3-2: Ground out 4-3 (Groundball, 4M, EV 81.9 MPH)
|
Bottom of the 6th over - 2 runs, 2 hits, 0 errors, 1 left on base; Miami 5 - Arizona 6 |
TOP OF THE 7TH |
Miami Marlins batting - Pitching for Arizona Diamondbacks : RHP David Mendoza
|
Pitching: RHP Adam Silbert
|
|
Batting: LHB Adam Durgin
|
0-0: Ball 1-0: SINGLE (Groundball, 4M, EV 103.1 MPH) (infield hit)
|
Pinch Hitting: LHB Andre Gorter
|
0-0: Ball 1-0: Called Strike 1-1: Called Strike 1-2: Foul Ball, location: 2F 1-2: Ball 2-2: Ball 3-2: Ground out 6-3 (Groundball, 4M, EV 103.8 MPH) Adam Durgin to second
|
Batting: RHB Tony Stedman
|
0-0: Foul Ball, location: 2F 0-1: SINGLE (Flyball, 3D, EV 100.6 MPH) Adam Durgin to third
|
Batting: RHB Mike Gar
|
0-0: Ball 1-0: Foul Ball, location: 2F 1-1: Foul Ball, location: 2F 1-2: Foul Ball, location: 2F 1-2: Ball 2-2: Strikes out swinging
|
Batting: RHB Alberto Cotto
|
0-0: Ball 1-0: Ball 2-0: Called Strike 2-1: Foul Ball, location: 2F 2-2: Foul Ball, location: 2F 2-2: Foul Ball, location: 2F 2-2: Strikes out swinging
|
Top of the 7th over - 0 runs, 2 hits, 0 errors, 2 left on base; Miami 5 - Arizona 6 |
BOTTOM OF THE 7TH |
Arizona Diamondbacks batting - Pitching for Miami Marlins : RHP Tim Poist
|
Pitching: RHP Adam Thomas
|
|
Now in CF: Andre Gorter
|
|
Now in RF: Jose Bregaro
|
|
Batting: LHB Joel Kunkler
|
0-0: Ball 1-0: Ground out 5-3 (Groundball, 5, EV 88.1 MPH)
|
Batting: RHB Jim Zucco
|
0-0: SINGLE (Groundball, 6MD, EV 98.1 MPH)
|
Batting: LHB Mike Mentzer
|
0-0: Foul Ball, location: 2F 0-1: Foul Ball, location: 2F 0-2: Ball 1-2: Strikes out swinging
|
Batting: LHB Bobby Arevalo
|
0-0: Ball 1-0: Foul Ball, location: 2F 1-1: Ball 2-1: Fly out, F7 (Flyball, 7LMF, EV 106.2 MPH)
|
Bottom of the 7th over - 0 runs, 1 hit, 0 errors, 1 left on base; Miami 5 - Arizona 6 |
TOP OF THE 8TH |
Miami Marlins batting - Pitching for Arizona Diamondbacks : RHP Adam Silbert
|
Pitching: RHP Bill Pauley
|
|
Batting: RHB Willie Chavez
|
0-0: Swinging Strike 0-1: Called Strike 0-2: Foul Ball, location: 2F 0-2: Ball 1-2: Foul Ball, location: 2F 1-2: Ground out 6-3 (Groundball, 6D, EV 102.5 MPH)
|
Batting: SHB Ramon Martinez
|
0-0: Ball 1-0: Foul Ball, location: 2F 1-1: Ground out 6-3 (Groundball, 6M, EV 99.4 MPH)
|
Batting: LHB Jose Bregaro
|
0-0: Ball 1-0: Called Strike 1-1: Called Strike 1-2: Ball 2-2: Ground out 4-3 (Groundball, 4, EV 83.1 MPH)
|
Top of the 8th over - 0 runs, 0 hits, 0 errors, 0 left on base; Miami 5 - Arizona 6 |
BOTTOM OF THE 8TH |
Arizona Diamondbacks batting - Pitching for Miami Marlins : RHP Adam Thomas
|
Batting: SHB Warren Eisner
|
0-0: Called Strike 0-1: Ball 1-1: Called Strike 1-2: Foul Ball, location: 2F 1-2: Strikes out swinging
|
Batting: RHB Marlon Reda
|
0-0: Ball 1-0: SINGLE (Line Drive, 3D, EV 100.0 MPH)
|
Batting: RHB Katilimomi Kelekolio
|
0-0: Foul Ball, location: 2F 0-1: Foul Ball, location: 2F 0-2: Ball 1-2: Foul Ball, location: 2F 1-2: Fly out, F4 (Popup, 4MD, EV 53.8 MPH)
|
Batting: LHB Roy Steigerwald
|
0-0: Foul Ball, location: 2F 0-1: Ball Pickoff Throw to First - Out! 1-3
|
Bottom of the 8th over - 0 runs, 1 hit, 0 errors, 0 left on base; Miami 5 - Arizona 6 |
TOP OF THE 9TH |
Miami Marlins batting - Pitching for Arizona Diamondbacks : RHP Bill Pauley
|
Batting: RHB Bert Clark
|
0-0: Ball 1-0: Called Strike 1-1: Ball 2-1: Fly out, F7 (Flyball, 78M, EV 90.6 MPH)
|
Batting: LHB Adam Durgin
|
0-0: Ball 1-0: SINGLE (Line Drive, 8RM, EV 100.6 MPH)
|
Batting: LHB Andre Gorter
|
0-0: Ball 1-0: Ball 2-0: Foul Ball, location: 2F 2-1: Called Strike 2-2: Foul Ball, location: 2F 2-2: Foul Ball, location: 2F 2-2: Foul Ball, location: 2F 2-2: Ball 3-2: Base on Balls Adam Durgin to second
|
Batting: RHB Tony Stedman
|
0-0: Ball 1-0: Called Strike 1-1: Swinging Strike 1-2: Ball 2-2: SINGLE (Groundball, 5D, EV 95.6 MPH) Adam Durgin to third Andre Gorter to second Runner from 3rd tries for Home, SAFE, throw by LF to home
|
Batting: RHB Mike Gar
|
0-0: Ball 1-0: Foul Ball, location: 2F 1-1: Ball 2-1: Fly out, F9 (Flyball, 9D, EV 88.1 MPH) Runner from 2nd tags up, SAFE at 3rd, no throw by RF
|
Pitching: RHP Gerardo Camacho
|
|
Pinch Hitting: SHB Jordan Barragan
|
0-0: Ball 1-0: Called Strike 1-1: Called Strike 1-2: Ball 2-2: Foul Ball, location: 2F 2-2: Ball 3-2: Strikes out swinging
|
Top of the 9th over - 1 run, 2 hits, 0 errors, 2 left on base; Miami 6 - Arizona 6 |
BOTTOM OF THE 9TH |
Arizona Diamondbacks batting - Pitching for Miami Marlins : RHP Adam Thomas
|
Pitching: RHP Stefan Snel
|
|
Now at SS: Roger Salazar
|
|
Batting: LHB Roy Steigerwald
|
0-0: Swinging Strike 0-1: Called Strike 0-2: Strikes out looking
|
Batting: LHB Jason Peck
|
0-0: Called Strike 0-1: Fly out, F8 (Flyball, 8LM, EV 76.2 MPH)
|
Batting: LHB Joel Kunkler
|
0-0: Ball 1-0: Ball 2-0: Foul Ball, location: 2F 2-1: Swinging Strike 2-2: Fly out, F3 (Line Drive, 3L, EV 62.5 MPH)
|
Bottom of the 9th over - 0 runs, 0 hits, 0 errors, 0 left on base; Miami 6 - Arizona 6 |
TOP OF THE 10TH |
Miami Marlins batting - Pitching for Arizona Diamondbacks : RHP Gerardo Camacho
|
Batting: RHB Willie Chavez
|
0-0: Ball 1-0: Ground out 5-3 (Groundball, 5S, EV 85.0 MPH)
|
Batting: SHB Ramon Martinez
|
0-0: Ball 1-0: Ball 2-0: Foul Ball, location: 2F 2-1: Ball 3-1: Base on Balls
|
Batting: LHB Jose Bregaro
|
0-0: Called Strike Ramon Martinez is caught stealing 2nd base 2-6 0-1: Called Strike 0-2: Foul Ball, location: 2F 0-2: Strikes out swinging
|
Top of the 10th over - 0 runs, 0 hits, 0 errors, 0 left on base; Miami 6 - Arizona 6 |
BOTTOM OF THE 10TH |
Arizona Diamondbacks batting - Pitching for Miami Marlins : RHP Stefan Snel
|
Pitching: RHP Tim Barnett
|
|
Batting: RHB Jim Zucco
|
0-0: Called Strike 0-1: Ball 1-1: Foul Ball, location: 2F 1-2: Ball 2-2: Foul Ball, location: 2F 2-2: Ball 3-2: Fly out, F8 (Flyball, 8RM, EV 89.4 MPH)
|
Batting: LHB Mike Mentzer
|
0-0: Ball 1-0: Ball 2-0: Ground out 5-3 (Groundball, 6S, EV 69.4 MPH)
|
Batting: LHB Bobby Arevalo
|
0-0: Foul Ball, location: 2F 0-1: Ball 1-1: TRIPLE (Line Drive, 78XD, EV 101.9 MPH)
|
Batting: SHB Warren Eisner
|
0-0: Intentional Walk
|
Batting: RHB Marlon Reda
|
0-0: Foul Ball, location: 2F 0-1: Ground out 1-3 (Groundball, 34S, EV 68.8 MPH)
|
Bottom of the 10th over - 0 runs, 1 hit, 0 errors, 2 left on base; Miami 6 - Arizona 6 |
TOP OF THE 11TH |
Miami Marlins batting - Pitching for Arizona Diamondbacks : RHP Gerardo Camacho
|
Batting: RHB Bert Clark
|
0-0: Swinging Strike 0-1: Ball 1-1: Foul Ball, location: 2F 1-2: Strikes out swinging
|
Batting: LHB Adam Durgin
|
0-0: Called Strike 0-1: Ball 1-1: DOUBLE (Flyball, 8LXD, EV 107.5 MPH)
|
Batting: LHB Andre Gorter
|
0-0: Intentional Walk
|
Batting: RHB Tony Stedman
|
0-0: Foul Ball, location: 2F 0-1: Ball 1-1: Ball 2-1: Ball 3-1: Foul Ball, location: 2F 3-2: Base on Balls Adam Durgin to third Andre Gorter to second
|
Batting: RHB Mike Gar
|
0-0: Swinging Strike 0-1: Ball 1-1: Foul Ball, location: 2F 1-2: Foul Ball, location: 2F 1-2: Foul Ball, location: 2F 1-2: Ball 2-2: Foul Ball, location: 2F 2-2: TRIPLE (Line Drive, 89XD, EV 106.9 MPH) Adam Durgin scores Andre Gorter scores Tony Stedman scores
|
Pitching: RHP Stanford Placard
|
|
Batting: RHB Roger Salazar
|
0-0: Ball 1-0: Called Strike 1-1: Ball 2-1: Fly out, F4 (Popup, 34D, EV 56.9 MPH)
|
Batting: RHB Willie Chavez
|
0-0: Called Strike 0-1: Swinging Strike 0-2: Ball 1-2: Fly out, F8 (Line Drive, 8RM, EV 94.4 MPH)
|
Top of the 11th over - 3 runs, 2 hits, 0 errors, 1 left on base; Miami 9 - Arizona 6 |
BOTTOM OF THE 11TH |
Arizona Diamondbacks batting - Pitching for Miami Marlins : RHP Tim Barnett
|
Batting: RHB Katilimomi Kelekolio
|
0-0: Ball 1-0: Fly out, F9 (Line Drive, 9S, EV 95.0 MPH)
|
Batting: LHB Roy Steigerwald
|
0-0: Ball 1-0: Called Strike 1-1: Ball 2-1: Swinging Strike 2-2: Ball 3-2: Strikes out swinging
|
Batting: LHB Jason Peck
|
0-0: Swinging Strike 0-1: Ball 1-1: Swinging Strike 1-2: Ball 2-2: Ball 3-2: Strikes out swinging
|
Bottom of the 11th over - 0 runs, 0 hits, 0 errors, 0 left on base; Miami 9 - Arizona 6 |
|